AoeStats
← nobre0

Arabia

510652752Analyzed
1v1 RM · 1d ago on Oct 2, 2026· 47m 40s· 2 players
Game mode
Random Map
Map size
Tiny (2 player)
Population
200
Speed
Normal
Resources
Standard
Victory
Conquest
Starting age
Dark Age
Ending age
Imperial Age
RankedLock teamsTeams togetherTeam positionsShared explorationLock speedFull tech treeHidden civsTurbo modeCheats
Victory
Defeat
🇺🇸 Danes · United States
1048
+14
🇧🇷 Portuguese · Brazil
1014
-14
Beeps99
6:35 Loom
9:30 Feudal Age
9:33 Man-at-Arms
10:42 Double-Bit Axe
11:32 Arson
16:49 Fletching
20:25 Castle Age
21:35 Squires
23:14 Wheelbarrow
22:57 Bow Saw
23:15 Horse Collar
23:32 Stone Mining
26:21 Gambesons
31:29 Hand Cart
32:01 Elite Skirmisher
33:13 Bodkin Arrow
34:19 Gold Mining
37:35 Imperial Age
36:12 Thumb Ring
36:37 Scale Mail Armor
38:39 Siege Engineers
39:05 Ballistics
39:47 Chemistry
38:36 Town Watch
41:08 Conscription
42:13 Heavy Plow
42:54 Hamask
45:17 Bracer
45:18 Padded Archer Armor
47:06 Guard Tower
48:11 Chain Mail Armor
48:46 Hoardings
nobre0
5:06 Loom
10:00 Feudal Age
10:50 Double-Bit Axe
12:30 Wheelbarrow
21:43 Castle Age
19:58 Gold Mining
20:22 Fletching
22:30 Bodkin Arrow
28:34 Town Watch
33:55 Imperial Age
33:59 Capped Ram
36:00 Chemistry
36:44 Bow Saw
40:26 Ballistics
40:42 Light Cavalry
41:33 Bloodlines
42:32 Bracer
43:28 Scale Barding Armor
43:34 Forging
44:22 Stone Mining
45:07 Conscription
45:48 Husbandry
46:58 Chain Barding Armor
Connection lost

Rejoining the realm…

Still unreachable

The connection could not be restored.

Session expired

The server has moved on; the page needs a fresh start.